Map: Orbital Shipyard

Players

wabbajack - Winner!

  • Race: Zerg Zerg
  • League: Bronze

Yeti

  • Race: Terran Terran
  • League: Bronze

VOD

Have the link to the VOD?

Description

Time

  • Played on: July 16, 2015, 1:08 p.m.
  • Length: 15:36
Show
View Real Time Build Order
Export as new Build Order

wabbajack Zerg - Winner!

Build Orders: Hatch First, Lurkers 

Get SALT Encoding   

  12  0:01  Drone  
  13  0:13  Overlord  
  13  0:24  Drone  
  13  0:26  Drone, Extractor  
  15  0:32  Drone  
  16  0:37  Drone  
  17  0:56  Hatchery  
  16  0:59  Drone, Extractor  
  16  1:01  Drone  
  17  1:08  Drone  
  18  1:20  Spawning Pool  
  18  1:22  Drone  
  18  1:29  Drone  
  19  1:49  Overlord  
  19  2:10  Queen  
  19  2:11  Queen  
  19  2:12  Metabolic Boost  
  19  2:15  Drone x3  
  26  2:21  Extractor  
  25  2:29  Roach Warren  
  24  2:33  Drone x2  
  24  2:36  Drone  
  27  2:39  Drone  
  28  2:47  Pneumatized Carapace  
  28  2:59  Drone x2  
  28  3:01  Drone x2  
  32  3:05  Overlord  
  32  3:09  Overlord  
  32  3:25  Roach  
  32  3:26  Roach x3  
  40  3:33  Roach x2  
  44  3:36  Roach  
  44  3:40  Roach  
  48  3:51  Overlord  
  48  4:00  Zergling x8  
  52  4:15  Zergling x8  
  56  4:20  Overlord x2  
  56  4:28  Drone  
  56  4:29  Drone x3  
  52  5:34  Lair  
  50  5:38  Drone  
  50  5:39  Drone x4  
  50  5:40  Drone  
  56  5:42  Spore Crawler  
  56  5:43  Spore Crawler  
  56  5:44  Spore Crawler  
  56  5:46  Spore Crawler  
  50  5:50  Spore Crawler x2, Drone x2  
  50  5:51  Drone x2  
  42  6:36  Roach x5  
  42  6:37  Roach x2  
  54  6:40  Hatchery  
  54  6:42  Spire  
  54  6:44  Drone x5, Hydralisk Den  
  54  6:45  Drone  
  54  6:46  Drone x2  
  59  7:03  Hatchery, Overlord x5  
  59  7:08  Extractor  
  57  7:10  Extractor  
  57  7:14  Lurker Den  
  56  7:19  Extractor  
  56  7:20  Queen  
  57  7:24  Extractor  
  57  7:28  Infestation Pit  
  55  7:37  Drone  
  55  7:38  Drone x6  
  55  7:40  Drone  
  55  7:41  Drone  
  55  7:44  Hydralisk x5  
  64  7:48  Overseer  
  64  7:49  Overseer  
  72  8:19  Drone  
  73  8:24  Corruptor  
  73  8:25  Corruptor x4  
  83  8:27  Overlord  
  83  8:45  Hydralisk x2, Roach x2  
  83  8:46  Roach  
  93  9:05  Hive  
  93  9:15  Extractor  
  92  9:36  Extractor  
  92  9:37  Drone x3  
  92  9:38  Drone x3  
  96  9:39  Drone x2  
  98  9:55  Muscular Augments  
  98  10:01  Queen  
  98  10:02  Overlord x2  
  98  10:03  Overlord x4  
  100  10:10  Evolution Chamber  
  100  10:11  Evolution Chamber  
  98  10:18  Greater Spire  
  98  10:19  Adrenal Glands  
  98  10:26  Evolution Chamber  
  98  10:28  Viper x2  
  103  10:47  Hatchery  
  102  10:55  Zerg Melee Weapons Level 1  
  102  10:57  Zerg Ground Armor Level 1  
  102  11:02  Hatchery  
  102  11:19  Zergling x28  
  102  11:20  Zergling x2  
  117  11:26  Baneling Nest  
  117  11:29  Zerg Missile Weapons Level 1  
  116  11:44  Hatchery  
  57  12:43  Corruptor x12  
  57  12:44  Corruptor  
  71  12:45  Viper x2  
  71  12:48  Viper  
  92  13:12  Hydralisk x4  
  94  13:18  Zerg Flyer Armor Level 1  
  100  13:26  Zergling x4  
  95  13:44  Overseer x4  
  95  14:34  Lurker x4  
  88  14:48  Brood Lord x4  
  88  14:50  Zergling x18  
  88  14:51  Zergling x2  
  106  14:57  Zergling x2  
  106  14:58  Zergling x2  
  106  14:59  Zergling x34  
Show
View Real Time Build Order
Export as new Build Order

Yeti Terran 

Build Orders: Command Center First (CC) 

Get SALT Encoding   

  12  0:01  SCV  
  13  0:13  SCV  
  14  0:21  Supply Depot  
  14  0:25  SCV  
  15  0:42  SCV  
  16  0:54  SCV  
  17  1:01  Command Center  
  17  1:06  SCV  
  18  1:14  Barracks  
  18  1:20  SCV  
  19  1:29  Refinery  
  19  1:32  SCV  
  20  1:44  SCV  
  21  2:01  Orbital Command  
  21  2:02  Marine  
  21  2:12  Orbital Command  
  21  2:21  Marine  
  22  2:32  SCV  
  22  2:34  Factory  
  23  2:38  SCV  
  25  2:51  SCV x2  
  25  2:54  Barracks Reactor, Refinery  
  26  3:05  SCV x2  
  28  3:11  Supply Depot  
  28  3:22  SCV  
  28  3:23  SCV  
  30  3:28  Command Center  
  30  3:29  Starport  
  30  3:35  SCV x2  
  30  3:40  Supply Depot  
  32  3:42  Hellion x2  
  32  3:45  Barracks Tech Lab  
  36  3:49  SCV x2  
  36  3:50  Refinery  
  38  4:01  SCV x2  
  40  4:05  Supply Depot  
  40  4:06  Hellion x2  
  44  4:15  Banshee  
  47  4:22  Starport  
  47  4:24  SCV  
  47  4:25  SCV  
  49  4:34  Starport  
  49  4:37  SCV x2  
  51  4:50  Widow Mine x2  
  55  5:03  Banshee  
  55  5:04  Barracks Reactor  
  56  5:07  Orbital Command  
  56  5:10  SCV x2  
  56  5:11  Supply Depot  
  52  5:26  Widow Mine x2  
  52  5:28  Viking, Starport Reactor  
  34  5:44  SCV x2  
  20  6:24  Banshee  
  18  6:26  SCV  
  18  6:27  SCV x2  
  20  6:39  SCV x3  
  23  6:48  Hellion x2  
  23  6:51  SCV x3  
  30  7:04  Starport Tech Lab  
  30  7:07  SCV  
  30  7:08  SCV  
  32  7:09  Hellion x2  
  36  7:16  SCV  
  36  7:19  Refinery  
  36  7:20  SCV x2  
  39  7:29  SCV  
  40  7:32  SCV x2, Banshee  
  41  7:57  SCV x3  
  44  7:58  Banshee  
  44  8:00  Widow Mine x2  
  51  8:09  SCV x2  
  51  8:12  SCV  
  54  8:21  SCV x2  
  54  8:23  Refinery  
  54  8:24  Banshee, SCV  
  60  8:33  SCV  
  61  8:42  Hellion x2  
  61  8:45  Banshee  
  64  8:48  Supply Depot  
  64  8:49  Cloaking Field  
  64  8:52  SCV x3  
  64  8:59  Factory  
  64  9:01  Supply Depot  
  64  9:04  SCV x2  
  64  9:05  Orbital Command  
  66  9:16  Banshee  
  69  9:17  Marine  
  69  9:18  Marine  
  71  9:36  SCV  
  71  9:37  SCV x2  
  74  9:39  Banshee  
  74  9:40  Viking x2  
  76  9:53  SCV x3  
  76  9:56  Hellion x2  
  76  9:57  Factory Tech Lab  
  76  9:59  Banshee  
  86  10:00  Armory  
  86  10:05  SCV x2  
  86  10:06  Refinery  
  88  10:10  Viking  
  90  10:17  SCV x2  
  92  10:23  Liberator  
  92  10:35  SCV  
  93  10:38  Supply Depot  
  93  10:40  Supply Depot, Raven, SCV  
  99  10:45  Supply Depot  
  99  10:53  Hellion  
  101  10:59  Banshee, Refinery  
  101  11:00  Hellion, Siege Tank  
  101  11:01  Supply Depot x2  
  101  11:02  Supply Depot  
  101  11:04  Terran Ship Weapons Level 1  
  109  11:08  Supply Depot, Engineering Bay  
  109  11:14  Hellion, Infernal Pre-Igniter  
  111  11:21  Hellion  
  111  11:24  SCV x2, Supply Depot  
  115  11:27  Supply Depot  
  115  11:30  Supply Depot  
  115  11:40  SCV x3  
  115  11:52  SCV x2  
  117  11:58  Missile Turret  
  117  12:03  Viking x4  
  123  12:11  Missile Turret  
  105  12:17  Supply Depot  
  105  12:19  Missile Turret  
  105  12:20  Supply Depot  
  83  12:33  Banshee x2  
  89  12:51  Hellion x2, Siege Tank  
  93  12:53  Viking x2  
  93  12:54  SCV  
  93  12:55  SCV  
  102  12:59  Terran Ship Weapons Level 2, Command Center  
  102  13:11  Refinery  
  102  13:12  Hellion x2  
  106  13:14  Supply Depot  
  106  13:16  Banshee  
  112  13:24  Liberator  
  106  13:40  Viking x2  
  101  13:42  Liberator  
  104  13:49  Supply Depot  
  104  13:53  Liberator x2  
  104  13:54  Starport  
  104  13:57  Hi-Sec Auto Tracking, Starport  
  107  14:05  Hellion x2  
  109  14:13  Liberator  
  109  14:14  Liberator  
  115  14:19  SCV x2  
  115  14:22  Orbital Command  
  117  14:25  Missile Turret  
  117  14:28  Missile Turret  
  82  14:50  Widow Mine x2  
  82  14:52  Viking x2  
Tags
 
Add a new tag
Caveats
  • Supply blocks, unpowered buildings, or Contaminate may cause inaccurate times.
  • Supply counts are checked every 10 seconds.